Map: Galactic Process LE

Players

Gracz

  • Race: Protoss Protoss
  • League: Silver

Shihatsu - Winner!

  • Race: Zerg Zerg
  • League: Silver

VOD

Have the link to the VOD?

Description

Time

  • Played on: Sept. 19, 2016, 11:02 a.m.
  • Length: 11:22
Show
View Real Time Build Order
Export as new Build Order

Gracz Protoss 

Build Orders:  

Get SALT Encoding   

  12  0:04  Probe (Chrono Boost)  
  13  0:15  Probe (Chrono Boost)  
  14  0:21  Pylon  
  14  0:32  Probe (Chrono Boost)  
  16  0:42  Probe (Chrono Boost)  
  16  0:49  Pylon  
  16  0:53  Probe (Chrono Boost)  
  17  0:58  Gateway  
  17  1:02  Assimilator  
  17  1:03  Probe (Chrono Boost)  
  18  1:14  Probe (Chrono Boost)  
  19  1:33  Gateway  
  19  1:34  Gateway  
  19  1:36  Gateway  
  19  1:49  Cybernetics Core  
  19  1:51  Probe (Chrono Boost)  
  20  2:05  Probe (Chrono Boost)  
  21  2:19  Assimilator  
  21  2:23  Zealot x3  
  27  2:48  Stalker  
  27  2:50  Stalker  
  31  2:57  Pylon  
  31  3:14  Stalker  
  30  3:27  Stalker  
  33  3:30  Stalker  
  37  3:44  Stalker  
  39  4:16  Stalker  
  39  4:21  Stalker  
  39  4:23  Stalker  
  39  4:41  Stargate  
  39  4:44  Pylon  
  39  4:48  Stargate  
  39  4:55  Stalker  
  39  5:07  Stalker  
  39  5:08  Probe (Chrono Boost)  
  39  5:11  Stalker  
  43  5:20  Probe (Chrono Boost)  
  44  5:32  Probe (Chrono Boost)  
  45  5:44  Probe (Chrono Boost)  
  44  5:57  Probe (Chrono Boost)  
  45  6:21  Pylon  
  53  6:52  Nexus  
  51  7:06  Stalker x2  
  54  7:27  Pylon  
  54  7:29  Pylon  
  52  7:47  Stalker  
  34  8:37  Probe (Chrono Boost)  
  34  8:39  Probe (Chrono Boost)  
  36  8:48  Probe (Chrono Boost)  
  37  8:51  Probe (Chrono Boost)  
  36  8:59  Probe (Chrono Boost)  
  38  9:03  Probe (Chrono Boost)  
  38  9:16  Pylon  
  38  9:34  Probe (Chrono Boost)  
  38  9:35  Probe (Chrono Boost)  
  29  10:06  Probe x2 (Chrono Boost)  
  31  10:17  Probe x2 (Chrono Boost)  
  33  10:27  Probe (Chrono Boost)  
  33  10:28  Probe (Chrono Boost)  
  35  10:30  Gateway  
  35  10:31  Gateway  
  35  10:38  Probe x2 (Chrono Boost)  
  37  10:44  Pylon  
  37  10:48  Probe (Chrono Boost)  
  38  11:01  Cybernetics Core  
  38  11:02  Probe (Chrono Boost)  
Show
View Real Time Build Order
Export as new Build Order

Shihatsu Zerg - Winner!

Build Orders: 3 Hatch before Pool 

Get SALT Encoding   

  12  0:03  Drone  
  13  0:08  Drone  
  14  0:21  Overlord  
  14  0:40  Drone x3  
  17  0:51  Drone  
  18  1:01  Drone  
  18  1:02  Hatchery  
  18  1:12  Drone  
  19  1:23  Drone  
  20  1:32  Hatchery  
  19  1:38  Spawning Pool  
  18  1:43  Extractor  
  18  1:44  Drone  
  18  1:46  Drone  
  19  2:19  Drone x2  
  21  2:23  Overlord  
  21  2:27  Overlord  
  21  2:31  Zergling x4  
  23  2:42  Metabolic Boost  
  23  2:53  Queen x3  
  29  3:16  Spine Crawler  
  29  3:17  Spine Crawler  
  29  3:19  Spine Crawler  
  26  3:22  Zergling x4  
  26  3:23  Spine Crawler  
  26  3:24  Zergling x2  
  26  3:27  Zergling x2  
  25  3:42  Queen  
  27  3:49  Drone  
  24  4:32  Zergling x8  
  24  4:33  Zergling x12  
  24  4:37  Drone  
  33  5:01  Zergling x4  
  33  5:02  Queen  
  33  5:07  Drone x2  
  36  5:45  Zergling x6  
  36  5:46  Zergling x2  
  37  5:53  Zergling x6  
  37  5:54  Zergling x6  
  35  6:09  Zergling x2  
  35  6:10  Zergling x2  
  33  6:29  Zergling x6  
  34  6:38  Hatchery  
  33  6:49  Zergling x2  
  34  7:26  Overlord x3  
  31  8:20  Zergling x8  
  31  8:21  Zergling x8  
  32  8:39  Zergling x6  
  35  8:45  Overlord  
  34  8:58  Zergling x8  
  34  8:59  Zergling x8  
  41  9:13  Zergling x2  
  41  9:14  Zergling x2  
  39  9:56  Zergling x12  
  39  9:57  Zergling x12  
  39  9:58  Zergling x4  
  51  10:19  Hatchery  
  50  10:31  Zergling x6  
  50  10:32  Zergling x12  
  50  10:33  Zergling x2  
Tags
 
Add a new tag
Caveats
  • Supply blocks, unpowered buildings, or Contaminate may cause inaccurate times.
  • Supply counts are checked every 10 seconds.